 Dungeon Sprint DCSS version 0.27.1 (webtiles) character file.

Game seed: 10048437075186473057

672 styxcanada the Unseen (level 7, -14/39 HPs)
             Began as a Spriggan Brigand on Sept 4, 2021.
             Was an Initiate of Gozag.
             Splashed by an acid dragon's acid (15 damage)
             ... in the Dungeon (Sprint VII: "The Pits").
             The game lasted 00:06:13 (1326 turns).

styxcanada the Unseen (Spriggan Brigand)            Turns: 1326, Time: 00:06:13

Health: -14/39     AC: -1    Str:  7    XL:     7   Next: 32%
Magic:  8/8        EV: 23    Int: 12    God:    Gozag
Gold:   1287       SH:  0    Dex: 19    Spells: 6/6 levels left

rFire    . . .     SeeInvis +   p - +1 dagger (venom)
rCold    . . .     Faith    .   (shield restricted)
rNeg     . . .     Spirit   .   b - +0 robe
rPois    .         Reflect  .   (helmet restricted)
rElec    .         Harm     .   c - +0 cloak
rCorr    .         Rampage  .   (gloves unavailable)
Will     +....     NoTele   +   (boots unavailable)
Stlth    +++++++...             (no amulet)
HPRegen  0.13/turn              (no ring)
MPRegen  0.11/turn              (no ring)

@: corroded, very quick
A: very small, no large weapons, unfitting armour, see invisible, speed 3
a: Renounce Religion, Potion Petition, Call Merchant, Bribe Branch


You were in the Dungeon.
You worshipped Gozag.
Gozag was most pleased with you.
You visited 1 branch You collected 1287 gold pieces.

Inventory:

Hand Weapons
 a - a +2 dagger
 p - a +1 dagger of venom (weapon)
 q - a +1 long sword of flaming
 r - a +2 mace of protection
Missiles
 d - a poisoned dart (quivered)
 e - 2 curare-tipped darts
 m - 10 stones
Armour
 b - a +0 robe (worn)
 c - a +0 cloak (worn)
Scrolls
 k - a scroll of blinking
 n - 5 scrolls of amnesia
 o - a scroll of summoning
Potions
 f - 6 potions of curing
 g - 5 potions of heal wounds
 h - a potion of haste
 i - 4 potions of magic
 j - 3 potions of berserk rage
 l - 2 potions of invisibility


   Skills:
 * Level 5.1 Fighting
 + Level 5.2(5.7) Short Blades
 + Level 2.4(3.5) Long Blades
 + Level 4.6 Throwing
 * Level 8.6 Dodging
 * Level 17.1 Stealth


You had 6 spell levels left.
You didn't know any spells.
Your spell library was empty.

Dungeon Overview and Level Annotations

Branches:
Dungeon (1/1)

Altars:
Ashenzari
Cheibriados
Dithmenos
Elyvilon
Fedhas
Gozag
Hepliaklqana
Kikubaaqudgha
Makhleb
Nemelex Xobeh
Okawaru
Qazlal
Ru
Sif Muna
Trog
Uskayaw
Vehumet
Wu Jian
Xom
Yredelemnul
Zin
The Shining One
Beogh
Jiyva
Lugonu


Innate Abilities, Weirdness & Mutations

You are very small and have problems with some larger weapons.
You are too small for most types of armour.
You have supernaturally acute eyesight. (SInv)
You cover ground extremely quickly. (Speed+++)


Message History

You hit the yak.
The yak is lightly wounded.
The acid dragon spits acid at you. The splash of acid hits you!
The acid corrodes you!
You are splashed with acid!
* * * LOW HITPOINT WARNING * * *
You hit the yak but do no damage.
The yak is poisoned.
The yak closely misses you. The yak misses you.
Unknown command.
There is an open door here.
Throw: 5 darts (poison)
Press: ? - help, Q - select action, (/) - cycle Shift-Dir - straight line, f - yak
Aim: a yak (lightly wounded, very poisoned, 75% to hit)
You throw a poisoned dart.
The poisoned dart closely misses the yak.
Unknown command.
Throw: 4 darts (poison)
Press: ? - help, Q - select action, (/) - cycle Shift-Dir - straight line, f/p - yak
Aim: a yak (lightly wounded, very poisoned, 75% to hit)
You throw a poisoned dart. The poisoned dart hits the yak!
The yak looks as sick as possible!
The yak is lightly wounded.
The acid dragon roars!
There is an open door here.
You start resting.
An acid dragon is nearby!
Throw: 3 darts (poison)
Press: ? - help, Q - select action, (/) - cycle Shift-Dir - straight line, f - acid dragon
Aim: an acid dragon (65% to hit)
You throw a poisoned dart. The poisoned dart hits the acid dragon!
Throw: 2 darts (poison)
Press: ? - help, Q - select action, (/) - cycle Shift-Dir - straight line, f/p - acid dragon
Aim: an acid dragon (65% to hit)
You throw a poisoned dart.
The poisoned dart closely misses the acid dragon.
The acid dragon spits acid at you. The splash of acid hits you!
* * * LOW HITPOINT WARNING * * *
You are splashed with acid!
You die...
Your body crumbles into a pile of gold.

#.#..#.....##.....
#)#).#####'#####'#
#.#).#.....##.....
#)#.)#.....##.....
#)#[[###'####.....
#)##'#.....##...<.
#)#........##.....
#.#........##.....
#@###########.....
#.......# ######
#...#)..# ######
#...#)Y.# #....#
#.##D##.#+#....#
#...#(..#YYD...+
#...#..D#'#....#
#.......(.#.Y..#
################


You could see an acid dragon (catching breath).

Vanquished Creatures
  A wraith (D)
  A sky beast (D)
  A phantom (D)
  A bullfrog (D)
  4 wights (D)
  A crimson imp (D)
  A gnoll shaman (D)
  3 gnolls (D)
  A river rat (D)
  2 ufetubi (D)
  A ball python (D)
  A bat (D)
  A hobgoblin (D)
  3 jackals (D)
  A kobold (D)
  3 rats (D)
26 creatures vanquished.

Notes
Turn   | Place    | Note
-------+----------+-------------------------------------------
     0 | D        | styxcanada the Spriggan Brigand began the quest for the
                  | Orb.
     0 | D        | Reached XP level 1. HP: 10/10 MP: 2/2
    26 | D        | Reached skill level 6 in Stealth
    36 | D        | Found a bloodstained altar of Trog.
    36 | D        | Found a shimmering blue altar of Sif Muna.
    36 | D        | Found a viscous altar of Jiyva.
    36 | D        | Found a hazy altar of Hepliaklqana.
    36 | D        | Found an opulent altar of Gozag.
    37 | D        | Found a glowing golden altar of the Shining One.
    37 | D        | Found a glowing silver altar of Zin.
    37 | D        | Found a basalt altar of Yredelemnul.
    37 | D        | Found a shimmering altar of Xom.
    37 | D        | Found an ornate altar of the Wu Jian Council.
    37 | D        | Found a sacrificial altar of Ru.
    37 | D        | Found a stormy altar of Qazlal.
    37 | D        | Found an iron altar of Okawaru.
    37 | D        | Found a sparkling altar of Nemelex Xobeh.
    37 | D        | Found a burning altar of Makhleb.
    37 | D        | Found a blossoming altar of Fedhas.
    37 | D        | Found a white marble altar of Elyvilon.
    37 | D        | Found a shadowy altar of Dithmenos.
    37 | D        | Found a snail-covered altar of Cheibriados.
    38 | D        | Found a radiant altar of Vehumet.
    38 | D        | Found a corrupted altar of Lugonu.
    39 | D        | Found an ancient bone altar of Kikubaaqudgha.
    39 | D        | Found a hide-covered altar of Uskayaw.
    39 | D        | Found a broken altar of Ashenzari.
    41 | D        | Became a worshipper of Gozag Ym Sagoz the Greedy
   213 | D        | Reached skill level 7 in Stealth
   224 | D        | Noticed a sky beast
   238 | D        | Reached skill level 8 in Stealth
   238 | D        | Reached XP level 2. HP: 15/15 MP: 3/3
   259 | D        | Killed a sky beast
   260 | D        | Reached skill level 12 in Stealth
   260 | D        | Reached XP level 3. HP: 12/20 MP: 4/4
   260 | D        | Reached XP level 4. HP: 14/24 MP: 5/5
   509 | D        | Noticed a phantom
   514 | D        | Reached skill level 13 in Stealth
   514 | D        | Reached XP level 5. HP: 28/28 MP: 6/6
   531 | D        | Reached skill level 5 in Dodging
   531 | D        | Reached skill level 14 in Stealth
   533 | D        | HP: 1/26 [wight (9)]
   549 | D        | Killed a phantom
   550 | D        | Reached skill level 1 in Long Blades
   550 | D        | Reached skill level 15 in Stealth
   550 | D        | Reached XP level 6. HP: 27/33 MP: 7/7
   745 | D        | Reached skill level 16 in Stealth
  1285 | D        | Noticed a wraith
  1287 | D        | Killed a wraith
  1288 | D        | Reached skill level 5 in Short Blades
  1288 | D        | Reached XP level 7. HP: 38/38 MP: 8/8
  1290 | D        | Noticed a yak
  1290 | D        | Noticed a yak
  1290 | D        | Noticed a yak
  1303 | D        | Reached skill level 5 in Fighting
  1303 | D        | Reached skill level 17 in Stealth
  1326 | D        | HP: 1/39 [acid dragon/splash of acid (11)]
  1326 | D        | Splashed by an acid dragon's acid

Illustrated notes

Levels and vault maps discovered:
D:        pitsprint [storerooms_1, entrance_room_1, metal_vault_4, armoury_1,
          mini_pit_1, grid_room_1, main_hall_1, silver_pit, the_coven_2,
          the_vestibule_1, steel_vault_4, golden_pit, hallway_of_sentries,
          crystal_vault_5, iron_vault_4, final_vault]

Skill      XL: |  1  2  3  4  5  6  7 |
---------------+----------------------+-----
Stealth        | 8 12 13 15 16 17 | 17.1
Dodging        | 2 4 6 8 |  8.6
Fighting       | 2 3 4 5 |  5.1
Short Blades   | 3 4 5 |  5.2
Throwing       | 3 4 |  4.6
Long Blades    | 1 2 |  2.4

Action                   |  1- 3 |  4- 6 |  7- 9 || total
-------------------------+-------+-------+-------++-------
Melee: Dagger            |    29 |    80 |    13 ||   122
       Long sword        |       |    19 |       ||    19
Throw: Dart              |     6 |     7 |     4 ||    17
  Use: Potion            |       |     1 |       ||     1
 Stab: Sleeping          |     2 |     3 |       ||     5
       Distracted        |     1 |     1 |       ||     2
Armor: Robe              |     7 |     7 |     1 ||    15
Dodge: Dodged            |    24 |    76 |    12 ||   112
       Rpst.: Long sword |       |    11 |       ||    11
